 Dungeon Crawl Stone Soup version 0.17-a0-1954-g0dddeaa (webtiles) character file.

180 Ordine the Twirler (level 5, 2/42 HPs)
             Began as a Minotaur Gladiator on Oct 4, 2015.
             Quit the game on level 4 of the Dungeon.
             The game lasted 00:06:32 (2255 turns).

Ordine the Twirler (Minotaur Gladiator)             Turns: 2255, Time: 00:06:32

Health: 2/42       AC:  4    Str: 20    XL:     5   Next: 33%
Magic:  4/4        EV: 12    Int:  5    God:
Gold:   195        SH:  0    Dex: 11    Spells: 0 memorised, 4 levels left

rFire  . . .     SeeInvis .     a - +0 quarterstaff
rCold  . . .     Clarity  .     b - +0 leather armour
rNeg   . . .     SustAt   .     (no shield)
rPois  .         Gourm    .     c - +1 hat
rElec  .         Spirit   .     (no cloak)
rCorr  .         Warding  .     (no gloves)
rMut   .         Stasis   .     (no boots)
MR     .....                    (no amulet)
Stlth  ..........               (no ring)
                                n - ring of loudness (curse)

@: very slightly contaminated, hasted, very quick, not resistant to hostile
enchantments, extremely unstealthy
A: retaliatory headbutt, horns 2
a: no special abilities


You were on level 4 of the Dungeon.
You were not hungry.

You visited 1 branch of the dungeon, and saw 4 of its levels.

You collected 195 gold pieces.

Inventory:

Hand weapons
 a - a +0 quarterstaff (weapon)
Missiles
 d - 3 throwing nets (quivered)
Armour
 b - a +0 leather armour (worn)
 c - a +1 hat (worn)
Jewellery
 n - a cursed ring of loudness (left hand)
Scrolls
 o - a scroll of magic mapping
 p - a scroll of immolation
Potions
 f - a potion of haste
 g - 2 potions of brilliance
 j - a potion of cancellation
 k - 2 potions of curing {unknown}
 l - 2 potions of invisibility {unknown}
 m - a potion of poison {unknown}
Comestibles
 e - 2 bread rations
 h - 2 meat rations
 q - 3 chunks of flesh


   Skills:
 - Level 2.4 Fighting
 + Level 7.3 Staves
 - Level 2.0 Throwing
 - Level 3.2 Dodging


You had 4 spell levels left.
You didn't know any spells.

Dungeon Overview and Level Annotations

Branches:
Dungeon (4/15)
 Temple: D:4-7

Altars:
Fedhas
Nemelex Xobeh
Qazlal
Sif Muna

Annotations:
D:4 Grinder


Innate Abilities, Weirdness & Mutations

You reflexively headbutt those who attack you in melee.
You have a pair of horns on your head.


Message History

You feel much better.
The hound skeleton completely misses you.
You furiously retaliate!
You headbutt the hound skeleton. The iguana bites you!
The hound skeleton bites you.
Unknown command.
Drink which item? (? for menu, Esc to quit)
You feel yourself speed up. The iguana bites you!
Grinder gestures.
Grinder blinks!
The hound skeleton bites you but does no damage.
You are very lightly contaminated with residual magic.
You hit the iguana but do no damage.
The iguana is moderately wounded.
The hound skeleton barely misses you. The iguana closely misses you.
You hit the iguana.
You headbutt the iguana, but do no damage.
The iguana is moderately wounded.
The hound skeleton bites you. The iguana bites you!
* * * LOW HITPOINT WARNING * * *
Are you sure you want to abandon this character and quit the game? (Confirm with "yes".)

#.# . ## #..#
##.. ##. .
#..###.. ....
#.....###..#
###....#...#
#.........#
###.#......# #
#...#.Z#.## ##
##$.5..l@..####
####.
#.....####.##.##
###....
#.....####
#.....####...###
.......
##.........###
.......
#......####
....... #.....##
..5.... #.....#
....... #.....#
....... #.....#


You could see Grinder, an iguana and a hound skeleton.

Vanquished Creatures
  A giant frog skeleton (D:4)
  Jessica (D:3)
  An iguana (D:4)
  5 adders
  An ooze (D:3)
  3 worms (D:2)
  A giant gecko (D:2)
  2 orcs (D:3)
  6 bats
  3 goblins
  4 hobgoblins
  2 kobolds (D:1)
  A quokka (D:4)
  A ball python (D:2)
  2 giant cockroaches
  3 giant newts
  7 rats
44 creatures vanquished.

Notes
Turn   | Place    | Note
--------------------------------------------------------------
     0 | D:1      | Ordine the Minotaur Gladiator began the quest for the Orb.
     0 | D:1      | Reached XP level 1. HP: 18/18 MP: 0/0
   106 | D:1      | Found a sparkling altar of Nemelex Xobeh.
   381 | D:1      | Reached skill level 4 in Staves
   528 | D:1      | Reached XP level 2. HP: 20/25 MP: 1/1
   658 | D:2      | Reached skill level 5 in Staves
   658 | D:2      | Reached XP level 3. HP: 15/30 MP: 2/2
  1663 | D:2      | Reached XP level 4. HP: 34/37 MP: 3/3
  1822 | D:3      | Found a stormy altar of Qazlal.
  1828 | D:3      | Reached skill level 6 in Staves
  1829 | D:3      | Found a blossoming altar of Fedhas.
  1885 | D:3      | Noticed Jessica
  1899 | D:3      | Killed Jessica
  2151 | D:3      | Found a deep blue altar of Sif Muna.
  2229 | D:4      | Reached skill level 7 in Staves
  2229 | D:4      | Reached XP level 5. HP: 28/42 MP: 4/4
  2235 | D:4      | Noticed Grinder
  2254 | D:4      | HP: 2/42 [iguana (11)]
  2255 | D:4      | Quit the game

Vault maps used:
D:1:      wheals_arrival_linesprint, nemelex_deck
D:2:      minmay_door_path
D:3:      grunt_temple_overflow_forces_of_nature, led_sif_pool, first_bread,
          uniq_jessica
D:4:      uniq_grinder

Action                   |  1- 3 |  4- 6 || total
-------------------------+-------+-------++-------
Melee: Quarterstaff      |    71 |    40 ||   111
  Use: Scroll            |     8 |     3 ||    11
       Potion            |       |     4 ||     4
  Eat: Chunk             |     1 |     3 ||     4
